 Dungeon Crawl Stone Soup version 0.18.1-48-g4cf74bf (webtiles) character file.

104 grulito the Cutter (level 5, -7/34 HPs)
             Began as a Halfling Assassin on June 25, 2016.
             Killed from afar by an orc wizard (10 damage)
             ... with a magic dart
             ... on level 3 of the Dungeon.
             The game lasted 00:11:02 (3219 turns).

grulito the Cutter (Halfling Assassin)              Turns: 3219, Time: 00:11:06

Health: -7/34      AC:  3    Str: 11    XL:     5   Next: 7%
Magic:  5/5        EV: 14    Int: 10    God:
Gold:   120        SH:  0    Dex: 17    Spells: 0 memorised, 4 levels left

rFire  . . .     SeeInvis .     a - +2 dagger
rCold  . . .     Gourm    .     c - +0 robe
rNeg   . . .     Faith    .     (shield restricted)
rPois  .         Spirit   .     (no helmet)
rElec  .         Dismiss  .     d - +0 cloak
rCorr  .         Reflect  .     (no gloves)
SustAt .         Harm     .     (no boots)
MR     .....                    (no amulet)
Stlth  +++.......               (no ring)
                                (no ring)

@: not resistant to hostile enchantments, fairly stealthy
A: mutation resistance 1
a: no special abilities


You were on level 3 of the Dungeon.
You were not hungry.

You visited 1 branch of the dungeon, and saw 3 of its levels.

You collected 120 gold pieces.

Inventory:

Hand Weapons
 a - a +2 dagger (weapon)
 b - a +0 blowgun
 n - a +0 dagger of speed
 o - a +0 dagger of pain
Missiles
 e - 8 poisoned needles
 f - 2 curare-tipped needles
 w - 2 tomahawks (quivered)
Armour
 c - a +0 robe (worn)
 d - a +0 cloak (worn)
Jewellery
 r - an uncursed amulet of harm {unknown}
 x - an uncursed ring of magical power {unknown}
Scrolls
 g - a scroll of remove curse {unknown}
 k - 3 scrolls of noise {unknown}
 l - a scroll of enchant armour {unknown}
 q - 3 scrolls of identify {unknown}
 s - 3 scrolls of enchant weapon {unknown}
Potions
 h - 2 potions of magic {unknown}
 i - 2 potions of haste {unknown}
 m - 2 potions of beneficial mutation {unknown}
 p - a potion of agility {unknown}
 t - a potion of heal wounds {unknown}
 u - a potion of resistance {unknown}
 v - a potion of degeneration {unknown}
Comestibles
 j - 2 royal jellies
 z - a bread ration


   Skills:
 - Level 1.7 Fighting
 + Level 6.4 Short Blades
 - Level 2.1 Throwing
 - Level 1.1 Dodging
 - Level 4.3 Stealth


You had 4 spell levels left.
You didn't know any spells.

Dungeon Overview and Level Annotations

Branches:
Dungeon (3/15)

Altars:
Nemelex Xobeh


Innate Abilities, Weirdness & Mutations

You are small and have problems with some larger weapons.
You are somewhat resistant to further mutation.


Message History

The orc wizard closely misses you.
You hit the orc wizard.
The orc wizard is almost dead.
The orc wizard casts a spell at you. The puff of frost hits you!
The orc wizard hits you with a dagger.
* * * LOW HITPOINT WARNING * * *
You closely miss the orc wizard.
The orc wizard is almost dead.
The orc wizard hits you with a dagger!
* * * LOW HITPOINT WARNING * * *
You closely miss the orc wizard.
The orc wizard is almost dead.
The orc wizard misses you.
You hit the orc wizard but do no damage.
The orc wizard is almost dead.
The orc wizard gestures at you while chanting.
The puff of flame misses you. The orc wizard casts a spell at you.
The magic dart hits you!
You die...

#.###...........<.....#
#.......#.#.##..##.#...
##.......#.#............
........................#
.........#.##....##...#.
.........#.##....##....#
.......(.#..+...(##....# #
....รท....'.##...o##....#
o# ###....>.#.##...@##..o
.o
#......#.##..oo##.####.###
##......#.##....o.........#
#.......#.##....#######.#.#
#...#####.##....# # #...#
#.##....# #...#
#.#############
##...#####.............#
..................####.#


You could see 2 orc wizards and 2 orcs.

Vanquished Creatures
  2 adders
  2 oozes
  2 worms (D:2)
  3 dart slugs
  2 giant geckos (D:1)
  2 orcs (D:3)
  7 bats
  A giant cockroach (D:2)
  9 goblins
  7 hobgoblins
  2 jackals (D:1)
  4 kobolds
  3 quokkas
  4 ball pythons
  A giant newt (D:1)
  8 rats
59 creatures vanquished.

Notes
Turn   | Place    | Note
--------------------------------------------------------------
     0 | D:1      | grulito the Halfling Assassin began the quest for the Orb.
     0 | D:1      | Reached XP level 1. HP: 14/14 MP: 1/1
    60 | D:1      | Reached skill level 3 in Short Blades
   157 | D:1      | Reached XP level 2. HP: 11/19 MP: 2/2
   535 | D:1      | Reached skill level 4 in Short Blades
   763 | D:1      | Reached XP level 3. HP: 24/24 MP: 3/3
  1289 | D:1      | Reached skill level 5 in Short Blades
  1364 | D:1      | Found a sparkling altar of Nemelex Xobeh.
  1734 | D:2      | Reached XP level 4. HP: 23/29 MP: 4/4
  2290 | D:2      | Reached skill level 6 in Short Blades
  2915 | D:3      | Reached XP level 5. HP: 24/34 MP: 5/5
  3219 | D:3      | Killed from afar by an orc wizard

Skill      XL: |  1  2  3  4 |
---------------+-------------+-----
Short Blades   | 3 4 5 6 |  6.4
Fighting       | |  1.7
Throwing       | |  2.1
Dodging        | |  1.1
Stealth        | |  4.3

Action                   |  1- 3 |  4- 6 || total
-------------------------+-------+-------++-------
Melee: Dagger            |   114 |    96 ||   210
 Fire: Blowgun           |       |     5 ||     5
 Stab: Sleeping          |     6 |     4 ||    10
       Distracted        |       |     1 ||     1
  Eat: Beef jerky        |     1 |     1 ||     2
       Bread ration      |     1 |       ||     1
Armor: Robe              |    21 |    10 ||    31
Dodge: Dodged            |    80 |    50 ||   130
